 Dungeon Crawl Stone Soup version 0.22-a0-348-gd16d139 (webtiles) character file.

772 Firecrotchwizard the Twirler (level 7, -2/61 HPs)
             Began as a Minotaur Gladiator on Apr 9, 2018.
             Succumbed to an orc's poison
             ... on level 5 of the Dungeon.
             The game lasted 00:07:24 (4114 turns).

Firecrotchwizard the Twirler (Minotaur Gladiator)   Turns: 4114, Time: 00:07:25

Health: -2/61      AC:  9    Str: 19    XL:     7   Next: 53%
Magic:  6/6        EV: 13    Int:  5    God:
Gold:   306        SH:  0    Dex: 13    Spells: 6/6 levels left

rFire    + . .     SeeInvis .   a - +0 quarterstaff
rCold    + . .     Gourm    .   (shield currently unavailable)
rNeg     . . .     Faith    .   v - +0 ring mail (curse)
rPois    .         Spirit   .   c - +0 hat
rElec    .         Reflect  .   (no cloak)
rCorr    .         Harm     .   s - +0 pair of gloves
MR       .....                  n - +1 pair of boots
Stlth    +.........             (no amulet)
HPRegen  0.20/turn              j - ring of protection from cold {rC+, !d}
MPRegen  0.10/turn              r - ring of protection from fire {rF+, !d}

@: lethally poisoned (-2 -> -45)
A: retaliatory headbutt, horns 2
a: no special abilities


You were on level 5 of the Dungeon.
You were not hungry.

You visited 1 branch of the dungeon, and saw 5 of its levels.

You collected 306 gold pieces.

Inventory:

Hand Weapons
 a - a +0 quarterstaff (weapon)
 b - a +0 dagger of flaming
   (You took it off an orc wizard on level 3 of the Dungeon)
 l - a +2 dagger of venom
   (You took it off an orc on level 3 of the Dungeon)
Missiles
 d - 2 throwing nets {=f, !d}
Armour
 c - a +0 hat (worn)
 k - a +0 chain mail
   (You took it off an orc on level 3 of the Dungeon)
 n - a +1 pair of boots (worn)
   (You found it on level 1 of the Dungeon)
 s - a +0 pair of gloves (worn)
   (You found it on level 3 of the Dungeon)
 v - a cursed +0 ring mail (worn)
   (You found it on level 2 of the Dungeon)
Jewellery
 j - a ring of protection from cold (left hand) {rC+, !d}
   (You found it on level 1 of the Dungeon)
 r - a ring of protection from fire (right hand) {rF+, !d}
   (You found it on level 1 of the Dungeon)
 y - an uncursed ring of protection from fire {rF+, !d}
   (You found it on level 4 of the Dungeon)
Scrolls
 i - 6 scrolls of identify
 m - a scroll of magic mapping {!r}
Potions
 e - a potion of resistance {unknown}
 g - 3 potions of lignification {unknown}
 h - 2 potions of agility {unknown}
 o - 2 potions of curing {unknown}
 p - 2 potions of cancellation {unknown}
 t - a potion of berserk rage {unknown}
 u - a potion of might {unknown}
 w - a potion of ambrosia {unknown}
 z - a potion of mutation {unknown}
 A - a potion of brilliance {unknown}
Comestibles
 f - 9 rations {@e1}
 x - 4 chunks of flesh {@w0}


   Skills:
 + Level 5.0 Fighting
 * Level 7.4 Staves
 - Level 2.0 Throwing
 + Level 4.2 Armour
 + Level 5.2 Dodging


You had 6 spell levels left.
You didn't know any spells.

Dungeon Overview and Level Annotations

Branches:
Dungeon (5/15)
 Temple: D:4-7

Altars:
Nemelex Xobeh
Zin

Shops:
D:4 [


Innate Abilities, Weirdness & Mutations

You reflexively headbutt those who attack you in melee.
You have a pair of horns on your head.


Message History

The stone hits you.
* * * LOW HITPOINT WARNING * * *
Ijyb closely misses you.
You take 3 damage, and have 14/61 hp.
You're too confused to move!
* * * LOW HITPOINT WARNING * * *
You feel sick.
You hear some strange, mumbled words.
A puff of flame appears from out of thin air!
The puff of flame hits you! You resist.
* * * LOW HITPOINT WARNING * * *
Ijyb barely misses you.
The orc hits you with a short sword of venom.
* * * LOW HITPOINT WARNING * * *
You are more poisoned.
You take 5 damage, and have 9/61 hp.
You feel much better.
You feel very sick. Ijyb hits you but does no damage.
Something barely misses you. The orc barely misses you.
Ijyb zaps a wand.
You resist with some effort.
You regained 17 hp, and now have 26/61 hp.
You feel much better.
You feel very sick. Something barely misses you. Ijyb completely misses you.
The orc closely misses you.
The orc throws a stone.
The stone hits you but does no damage.
You regained 17 hp, and now have 43/61 hp.
You barely miss the orc.
You feel sick.
Ijyb screams, "It's all mine!"
Ijyb zaps a wand.
You resist with some effort.
The now-empty wand crumbles to dust.
Something hits you but does no damage. The orc barely misses you.
The orc throws a stone.
The stone closely misses you. Ijyb misses you.
You take 2 damage, and have 41/61 hp.
You bump into the rock wall.
You feel less confused.
You feel very sick. Something hits you but does no damage.
Ijyb barely misses you. The orc closely misses you.
The orc throws a stone.
You take 3 damage, and have 38/61 hp.
You completely miss Ijyb.
You feel sick.
Ijyb is no longer moving quickly.
Ijyb closely misses you. You furiously retaliate!
You headbutt Ijyb, but do no damage. Something hits you.
The orc closely misses you. Ijyb barely misses you. You furiously retaliate!
You headbutt Ijyb.
You take 3 damage, and have 35/61 hp.
You barely miss Ijyb.
You feel sick. Something hits you but does no damage.
The orc hits you but does no damage.
You are more poisoned.
You take 2 damage, and have 33/61 hp.
You hit Ijyb but do no damage.
You feel sick. Ijyb hits you but does no damage.
Something hits you but does no damage. The orc barely misses you.
You take 1 damage, and have 32/61 hp.
You sock Ijyb!
You feel very sick. Ijyb hits you. Something hits you but does no damage.
The orc misses you.
You take 6 damage, and have 26/61 hp.
You closely miss Ijyb. Your headbutt misses Ijyb.
You feel sick. Ijyb closely misses you. Something hits you but does no damage.
The orc hits you but does no damage.
You are more poisoned.
You take 2 damage, and have 24/61 hp.
You hit Ijyb.
You kill Ijyb!
You feel sick.
An orc wizard appears from thin air!
Reactivating autopickup.
The orc hits you with a short sword of venom.
* * * LOW HITPOINT WARNING * * *
You are more poisoned.
You take 6 damage, and have 18/61 hp.
You completely miss the orc.
* * * LOW HITPOINT WARNING * * *
You feel very sick.
The orc wizard hits you but does no damage.
You take 3 damage, and have 15/61 hp.
You hit the orc but do no damage. Your headbutt misses the orc.
* * * LOW HITPOINT WARNING * * *
You feel very sick.
The orc hits you with a short sword of venom.
* * * LOW HITPOINT WARNING * * *
You are more poisoned.
The orc hits you but does no damage.
The orc wizard gestures at you while chanting.
The puff of flame hits you! You resist.
* * * LOW HITPOINT WARNING * * *
You take 9 damage, and have 6/61 hp.
You hit the orc.
* * * LOW HITPOINT WARNING * * *
You feel very sick. The orc barely misses you. You furiously retaliate!
You headbutt the orc, but do no damage. The orc barely misses you.
You furiously retaliate!
You headbutt the orc.
The orc wizard points at you and mumbles some strange words.
The puff of flame hits you! You resist.
* * * LOW HITPOINT WARNING * * *
You take 4 damage, and have 2/61 hp.
You hit the orc.
You die...

..?....## ....... ##### ...... ##
....# ..... #.. .... #####
..#####..) #..###..# ....#
.)g......# #..#..... ###>#
#..>.....##.# #..#.#..# #.#
##o###.# #.......# #.# #@o.##.#
#........ #.# #(o.##.# ###.)..##
#.#### #(..##.# #....# ###....#
#...##.# #.#..## .#...#.#
#...##.# ###...... .......#
#######...##.###......##
.#####.###..................#..##
.........<...........#####..#....
.##.#..###........>.##._.##......


You could see an orc wizard and 2 orcs.

Vanquished Creatures
  Sigmund (D:3)
  A phantom (D:4)
  A centaur (D:5)
  An ogre (D:5)
  A howler monkey (D:3)
  3 orc wizards (D:3)
  Ijyb (D:5)
  An iguana (D:5)
  3 gnolls
  5 adders
  An adder skeleton (D:4)
  2 worms
  5 dart slugs
  A leopard gecko (D:2)
  15 orcs
  5 giant cockroaches
  12 goblins
  8 hobgoblins
  8 jackals
  12 kobolds
  4 quokkas
  11 bats
  5 frilled lizards
  A jackal skeleton (D:5)
  7 rats
115 creatures vanquished.

Notes
Turn   | Place    | Note
-------+----------+-------------------------------------------
     0 | D:1      | Firecrotchwizard the Minotaur Gladiator began the quest for the Orb.
     0 | D:1      | Reached XP level 1. HP: 18/18 MP: 0/0
   131 | D:1      | Reached XP level 2. HP: 24/25 MP: 1/1
   153 | D:1      | Reached skill level 4 in Staves
   171 | D:1      | Reached skill level 1 in Armour
   649 | D:1      | Reached XP level 3. HP: 30/30 MP: 2/2
   946 | D:2      | Reached skill level 3 in Fighting
   984 | D:2      | Found a sparkling altar of Nemelex Xobeh.
  1225 | D:2      | Reached XP level 4. HP: 13/38 MP: 3/3
  1225 | D:2      | HP: 8/38 [gnoll/spear (5)]
  1574 | D:1      | Reached skill level 2 in Armour
  1577 | D:1      | Reached skill level 4 in Dodging
  1898 | D:2      | Reached skill level 5 in Staves
  2129 | D:3      | Reached XP level 5. HP: 45/45 MP: 4/4
  2200 | D:3      | Noticed Sigmund
  2215 | D:3      | Killed Sigmund
  2215 | D:3      | Reached skill level 4 in Fighting
  2215 | D:3      | Reached skill level 6 in Staves
  2215 | D:3      | Reached skill level 3 in Armour
  2215 | D:3      | Reached XP level 6. HP: 39/52 MP: 5/5
  3266 | D:4      | Found Qeilux's Armour Boutique.
  3320 | D:4      | Reached XP level 7. HP: 50/60 MP: 6/6
  3822 | D:5      | Entered Level 5 of the Dungeon
  3829 | D:5      | Reached skill level 5 in Dodging
  3873 | D:5      | Reached skill level 7 in Staves
  3873 | D:5      | Reached skill level 4 in Armour
  4012 | D:5      | Reached skill level 5 in Fighting
  4060 | D:5      | Found a glowing silver altar of Zin.
  4074 | D:5      | Noticed Ijyb
  4099 | D:5      | HP: 15/61 [poisoned by an orc]
  4110 | D:5      | Killed Ijyb
  4111 | D:5      | HP: 15/61 [poisoned by an orc]
  4112 | D:5      | HP: 6/61 [orc wizard/puff of flame (3)]
  4113 | D:5      | HP: 2/61 [orc wizard/puff of flame (1)]
  4114 | D:5      | Succumbed to an orc's poison

Vault maps used:
D:1:      wheals_arrival_linesprint, hangedman_decor_diamond_cutter
D:2:      nemelex_xobeh_ov_fountains_minmay
D:3:      uniq_sigmund
D:4:      serial_shops, shop, first_ration
D:5:      zin_statuary, uniq_ijyb

Skill      XL: |  1  2  3  4  5  6  7 |
---------------+----------------------+-----
Staves         | 4 5 6 7 |  7.4
Armour         | 1 2 3 4 |  4.2
Fighting       | 3 4 5 |  5.0
Dodging        | 4 5 |  5.2
Throwing       | |  2.0

Action                   |  1- 3 |  4- 6 |  7- 9 || total
-------------------------+-------+-------+-------++-------
Melee: Quarterstaff      |    79 |   128 |    55 ||   262
       Headbutt          |    13 |    18 |    13 ||    44
Throw: Throwing net      |       |       |     2 ||     2
  Use: Scroll            |       |     6 |     1 ||     7
       Potion            |       |       |     2 ||     2
  Eat: Chunk             |     1 |     6 |     3 ||    10
Armor: Leather armour    |    14 |       |       ||    14
       Ring mail         |     1 |    52 |    38 ||    91
Dodge: Dodged            |    71 |   102 |    55 ||   228

Table legend:
 A = Spawn XP
 B = Non-spawn XP
 C = Spawn XP percentage of total XP
 D = Spawn monster count
 E = Non-spawn monster count
 F = Spawn count percentage of total count
 G = Total turns spent on level
                    A         B        C        D         E        F      G
               +---------+---------+-------+---------+---------+-------+---------
         Total |       0 |    1103 |   0.0 |       0 |     115 |   0.0 |  4114
               +---------+---------+-------+---------+---------+-------+---------
           D:1 |       0 |      85 |   0.0 |       0 |      30 |   0.0 |  1113
           D:2 |       0 |      75 |   0.0 |       0 |      26 |   0.0 |   997
           D:3 |       0 |     469 |   0.0 |       0 |      45 |   0.0 |  1065
           D:4 |       0 |     170 |   0.0 |       0 |       7 |   0.0 |   647
           D:5 |       0 |     304 |   0.0 |       0 |       7 |   0.0 |   292
               +---------+---------+-------+---------+---------+-------+---------

Vault maps used:
D:1:      wheals_arrival_linesprint, hangedman_decor_diamond_cutter
D:2:      nemelex_xobeh_ov_fountains_minmay
D:3:      uniq_sigmund
D:4:      serial_shops, shop, first_ration
D:5:      zin_statuary, uniq_ijyb

Table legend:
 A = Turns spent in this place as a percentage of turns spent in the entire game.
 B = Non-inter-level travel turns spent in this place as a percentage of non-inter-level travel turns spent in the entire game.
 C = Inter-level travel turns spent in this place as a percentage of turns spent in this place.
 D = Turns resting spent in this place as a percentage of non-inter-level travel turns spent in this place.
 E = Turns spent auto-exploring this place as a percentage of non-inter-level travel turns spent in this place.
 F = Non-inter-level travel turns spent in this place divided by the number of levels of this place that you've seen.
                   A       B       C       D       E      F
               +-------+-------+-------+-------+-------+----------------------
         Total | 100.0 | 100.0 |   3.2 |  18.5 |  62.9 | 796.8
       Dungeon | 100.0 | 100.0 |   3.2 |  18.5 |  62.9 | 796.8
               +-------+-------+-------+-------+-------+----------------------

Table legend:
 A = Kills in this place as a percentage of kills in entire the game.
 B = Kills by you in this place as a percentage of kills by you in the entire game.
 C = Kills by friends in this place as a percentage of kills by friends in the entire game.
 D = Other kills in this place as a percentage of other kills in the entire game.
 E = Experience gained in this place as a percentage of experience gained in the entire game.
 F = Experience gained in this place divided by the number of levels of this place that you have seen.
                   A       B       C       D       E      F
               +-------+-------+-------+-------+-------+----------------------
         Total | 100.0 | 100.0 |   N/A |   N/A | 100.0 | 220.6
       Dungeon | 100.0 | 100.0 |   N/A |   N/A | 100.0 | 220.6
               +-------+-------+-------+-------+-------+----------------------
